 Dungeon Crawl Stone Soup version 0.24-a0-201-gf205589 (webtiles) character file.

Game seed: 15881398220739675303

414 Borgoz the Cutter (level 7, 0/46 HPs)
             Began as a Halfling Fighter on Mar 24, 2019.
             Killed from afar by an orc wizard (6 damage)
             ... with a magic dart
             ... on level 4 of the Dungeon.
             The game lasted 00:05:14 (2358 turns).

Borgoz the Cutter (Halfling Fighter)                Turns: 2358, Time: 00:05:15

Health: 0/46       AC:  7    Str: 17    XL:     7   Next: 14%
Magic:  8/9        EV: 10    Int: 13    God:
Gold:   184        SH: 10    Dex: 14    Spells: 8/8 levels left

rFire    . . .     SeeInvis .   a - +0 rapier
rCold    . . .     Gourm    .   c - +0 shield
rNeg     . . .     Faith    .   o - +0 scale mail
rPois    .         Spirit   .   (no helmet)
rElec    .         Reflect  .   (no cloak)
rCorr    .         Harm     .   (no gloves)
MR       .....                  (no boots)
Stlth    +.........             (no amulet)
HPRegen  0.15/turn              (no ring)
MPRegen  0.11/turn              (no ring)

@: brilliant
A: small, mutation resistance 1
a: no special abilities


You were on level 4 of the Dungeon.
You were not hungry.

You visited 1 branch of the dungeon, and saw 5 of its levels.

You collected 184 gold pieces.

Inventory:

Hand Weapons
 a - a +0 rapier (weapon)
 b - a +0 blowgun
 g - a +1 dagger of holy wrath
Missiles
 p - 11 poisoned needles
Armour
 c - a +0 shield (worn)
 o - a +0 scale mail (worn)
Scrolls
 e - a scroll of remove curse {unknown}
 h - a scroll of amnesia {unknown}
 j - a scroll of teleportation
 k - a scroll of fog {unknown}
Comestibles
 f - 6 rations
 s - 4 chunks of flesh


   Skills:
 + Level 3.3 Fighting
 * Level 4.7 Short Blades
 + Level 1.8 Throwing
 + Level 4.1 Armour
 + Level 2.1 Dodging
 + Level 2.3 Stealth
 + Level 4.1 Shields
 + Level 1.3 Spellcasting


You had 8 spell levels left.
You didn't know any spells.
Your spell library was empty.

Dungeon Overview and Level Annotations

Branches:
Dungeon (5/15)
 Temple: D:4-7

Altars:
Nemelex Xobeh
Vehumet
Wu Jian
Yredelemnul


Innate Abilities, Weirdness & Mutations

You are small and have problems with some larger weapons.
You are somewhat resistant to further mutation.


Message History

The orc misses you.
You puncture the orc!
You kill the orc!
An adder skeleton comes into view.
You block the orc's attack. The orc wizard barely misses you.
You hit the orc but do no damage.
The orc wizard casts a spell.
The orc wizard blinks!
You block the orc's attack.
Your shield and scale mail prevent you from hitting the orc.
You block the orc's attack.
The orc wizard casts a spell.
The orc wizard blinks!
You hit the orc.
The orc is heavily wounded.
The orc hits you but does no damage.
You puncture the orc!
You kill the orc!
The orc wizard casts a spell at you. The magic dart hits you.
You die...

##.. ..# ...
#... ..##...
#.... ..#.o..
#....# ......#
#....##.......
.............
#.)).......
#.@# ####


You could see an orc wizard.

Vanquished Creatures
  Edmund (D:5)
  A howler monkey (D:3)
  A hound (D:2)
  An orc wizard (D:2)
  A hound skeleton (D:4)
  6 adders
  4 gnolls (D:3)
  A howler monkey skeleton (D:2)
  4 leopard geckos
  13 orcs
  A ball python (D:1)
  7 bats
  4 giant cockroaches
  6 goblins
  7 hobgoblins
  3 jackals (D:1)
  A quokka (D:2)
  4 frilled lizards
  11 kobolds
  9 rats
86 creatures vanquished.

Notes
Turn   | Place    | Note
-------+----------+-------------------------------------------
     0 | D:1      | Borgoz the Halfling Fighter began the quest for the Orb.
     0 | D:1      | Reached XP level 1. HP: 15/15 MP: 1/1
    72 | D:1      | Reached XP level 2. HP: 19/20 MP: 2/2
   274 | D:1      | Reached XP level 3. HP: 25/25 MP: 3/3
   610 | D:2      | Found an ornate altar of the Wu Jian Council.
   736 | D:2      | Found a basalt altar of Yredelemnul.
   778 | D:2      | Found a transporter.
   819 | D:2      | Reached skill level 1 in Stealth
   850 | D:2      | Reached XP level 4. HP: 24/30 MP: 4/4
   885 | D:2      | Found a transporter.
  1038 | D:2      | Found a radiant altar of Vehumet.
  1043 | D:2      | Reached skill level 1 in Dodging
  1235 | D:2      | Reached skill level 1 in Throwing
  1235 | D:2      | Reached XP level 5. HP: 25/36 MP: 4/6
  1497 | D:3      | Found a sparkling altar of Nemelex Xobeh.
  1510 | D:3      | Reached skill level 1 in Spellcasting
  1512 | D:3      | Reached XP level 6. HP: 30/42 MP: 7/7
  2223 | D:3      | You fall through a shaft for 2 floors!
  2223 | D:5      | Entered Level 5 of the Dungeon
  2223 | D:5      | Noticed Edmund
  2240 | D:5      | Killed Edmund
  2240 | D:5      | Reached XP level 7. HP: 33/46 MP: 8/8
  2334 | D:4      | Noticed a wyvern
  2358 | D:4      | Killed from afar by an orc wizard

Levels and vault maps discovered:
D:1:      minmay_arrival_semitransparent, layout_basic
D:2:      layout_loops_cross, lemuel_round_altar,
          gammafunk_temple_overflow_arena, lemuel_doored_altar, minmay_3d_cube
D:3:      layout_loops_ring, nemelex_xobeh_ov_fountains_minmay,
          nicolae_overflow_hidden_temple
D:4:      layout_cave_pools, nicolae_dithmenos_the_darkroom
D:5:      layout_basic, first_ration, serial_shops, nicolae_shop_trees,
          zaba_anthole, kennysheep_generic_room_15, uniq_edmund, uniq_pikel,
          uniq_eustachio

Skill      XL: |  1  2  3  4  5  6 |
---------------+-------------------+-----
Short Blades   | 3 4 |  4.7
Stealth        | 1 2 |  2.3
Dodging        | 1 2 |  2.1
Fighting       | 3 |  3.3
Throwing       | 1 |  1.8
Spellcasting   | 1 |  1.3
Shields        | 4 |  4.1
Armour         | 4 |  4.1

Action                   |  1- 3 |  4- 6 |  7- 9 || total
-------------------------+-------+-------+-------++-------
Melee: Rapier            |   114 |   222 |    21 ||   357
Throw: Throwing net      |       |     1 |     1 ||     2
  Use: Potion            |       |     1 |     6 ||     7
       Scroll            |       |     1 |     1 ||     2
  Eat: Chunk             |       |     5 |       ||     5
Armor: Scale mail        |    49 |    69 |     9 ||   127
Dodge: Dodged            |    32 |    75 |    15 ||   122
Block: Shield            |    63 |   100 |    17 ||   180

Table legend:
 A = Non-vault XP
 B = Vault XP
 C = Vault XP percentage of total XP
 D = Non-vault monster count
 E = Vault monster count
 F = Vault count percentage of total count
                 A         B        C        D         E       F
            +---------+---------+-------+---------+---------+-------
      Total |     372 |     220 |  37.2 |      77 |       9 |  10.5
            +---------+---------+-------+---------+---------+-------
        D:1 |      42 |       0 |   0.0 |      25 |       0 |   0.0
        D:2 |      95 |      67 |  41.4 |      17 |       8 |  32.0
        D:3 |     208 |       0 |   0.0 |      31 |       0 |   0.0
        D:4 |      27 |       0 |   0.0 |       4 |       0 |   0.0
        D:5 |       0 |     153 | 100.0 |       0 |       1 | 100.0
            +---------+---------+-------+---------+---------+-------
